 Dungeon Crawl Stone Soup version 0.30.1-11-g7821555f0a (webtiles) character file.

Game seed: 5333979553645317682

848 Nonny the Covered (level 7, -3/56 HPs)
             Began as a Demonspawn Berserker on Nov 22, 2023.
             Was a Believer of Trog.
             Slain by Menkaure (15 damage)
             ... on level 5 of the Dungeon.
             The game lasted 00:12:29 (5052 turns).

Nonny the Covered (Demonspawn Berserker)            Turns: 5052, Time: 00:12:30

Health: -3/56      AC: 15    Str: 20    XL:     7   Next: 69%
Magic:  0/7        EV:  7    Int:  8    God:    Trog [**....]
Gold:   315        SH:  0    Dex: 12    Spells: 6/6 levels left

rFire   . .          .
                       - Unarmed
rCold   . . .        (no shield)
rNeg    . . .        y - +0 plate armour
rPois   +            (no helmet)
rElec   .            b - +0 cloak
rCorr   +            (no gloves)
SInv    .            (no boots)
Will    ++...        r - amulet of guardian spirit Stlth
                     g - ring of poison resistance
HPRegen 3.29/turn    q - ring of resist corrosion
MPRegen 0.10/turn

%: guardian spirit
@: strong-willed (expiring), on berserk cooldown, regenerating (expiring),
slowed, very slow
A: powered by death 1, sharp scales 1, weakness stinger 1
a: Renounce Religion, Berserk, Trog's Hand


You were on level 5 of the Dungeon.
You worshipped Trog.
Trog was pleased with you.
You visited 2 branches of the dungeon, and saw 6 of its levels.

You collected 315 gold pieces.

Inventory:

Missiles
 e - 2 javelins (quivered)
 h - 18 poisoned darts
Armour
 b - a +0 cloak (worn)
 i - a +0 chain mail
 m - a +0 pair of gloves
 y - a +0 plate armour (worn)
Jewellery
 g - a ring of poison resistance (left hand)
 q - a ring of resist corrosion (right hand)
 r - an amulet of guardian spirit (around neck)
Scrolls
 a - 3 scrolls of teleportation
 d - a scroll of amnesia {unknown}
 f - 2 scrolls of blinking
 n - a scroll of fog {unknown}
 p - a scroll of vulnerability {unknown}
 s - 2 scrolls of magic mapping
 t - a scroll of brand weapon {unknown}
Potions
 c - 3 potions of curing
 k - 4 potions of flight
 l - a potion of haste
 o - a potion of resistance
 u - a potion of brilliance
 v - 2 potions of might
 w - 3 potions of lignification
 x - a potion of mutation


   Skills:
 + Level 5.4 Fighting
 + Level 6.2 Armour
 + Level 3.6 Dodging
 - Level 2.6 Unarmed Combat


You had 6 spell levels left.
You didn't know any spells.
Your spell library was empty.

Dungeon Overview and Level Annotations

Branches:
Dungeon (5/15)             Temple (1/1) D:4

Altars:
Ashenzari
Cheibriados
Dithmenos
Fedhas
Gozag
Hepliaklqana
Makhleb
Okawaru
Qazlal
Ru
Sif Muna
Trog
Uskayaw
Vehumet
Wu Jian
Xom

Annotations:
D:5 Menkaure


Innate Abilities, Weirdness & Mutations

You regenerate a little health from kills.
You are partially covered in razor-sharp scales. (AC +1, Slay +1)
You have a small tail.


Message History

Menkaure calls on the powers of darkness!
The gnoll convulses! x2; Your body is wracked with pain!
* * * LOW HITPOINT WARNING * * *
The gnoll convulses!
Unknown command.
You feel a strong urge to attack something.
The gnoll hits you with a +0 spear.
* * * LOW HITPOINT WARNING * * *
The gnoll hits you from afar with a +0 spear.
* * * LOW HITPOINT WARNING * * *
Unknown command.
You punch the gnoll!
You kill the gnoll!
Trog accepts your kill. The gnoll barely misses you.
Unknown command.
You hit the gnoll bouda.
The gnoll bouda is almost dead.
Your attacks no longer feel as feeble.
Unknown command.
You punch the gnoll bouda!
You kill the gnoll bouda!
Trog accepts your kill.
You are no longer berserk.
You are exhausted.
You feel yourself slow down. The gnoll hits you but does no damage.
Unknown command.
You hit the gnoll.
You kill the gnoll!
Trog accepts your kill.
You feel the effects of Trog's Hand fading.
The gnoll is no longer moving quickly.
The gnoll hits you but does no damage. Menkaure hits you!
* * * LOW HITPOINT WARNING * * *
Unknown command.
Unknown command.
You hit Menkaure.
Menkaure is moderately damaged.
The gnoll misses you. Menkaure hits you!
You die...

#...........###
#...........+.# .
#...8.8.8..#.## ..
#.............# ...
#...........#.# ....
#..#........#†. .....
#..#_)..(...###
#.....####..#........#
#
+....gM@.....[.....#.#
#
#.....#####......†.#.#
# #.... #..8.8.8...# #
#... #........#.# #
### #.###...)..# # #.#
######## # #.#
#.####### #.#.....#


You could see Menkaure and a gnoll.

Vanquished Creatures
  A water moccasin (D:5)
  A black bear (D:5)
  An ogre (D:5)
  Blork the orc (D:4)
  A scorpion (D:4)
  A jelly (D:5)
  An orc priest (D:3)
  2 sleepcaps (D:5)
  2 gnoll boudas (D:5)
  3 iguanas
  9 gnolls (D:5)
  2 adders (D:2)
  2 worms
  3 dart slugs
  6 orcs
  12 endoplasms
  A giant cockroach (D:1)
  8 hobgoblins
  3 jackals (D:1)
  13 kobolds
  3 quokkas (D:1)
  4 ball pythons
  5 bats
  2 frilled lizards (D:1)
  8 goblins
  3 rats
98 creatures vanquished.

Notes
Turn   | Place    | Note
-------+----------+-------------------------------------------
     0 | D:1      | Nonny the Demonspawn Berserker began the quest for the Orb.
     0 | D:1      | Reached XP level 1. HP: 18/18 MP: 1/1
    34 | D:1      | Starting vault: stone walls and blocked by statue paths
   330 | D:2      | Reached skill level 2 in Armour
   330 | D:2      | Gained mutation: You have a small tail. [demonic ancestry]
   330 | D:2      | Reached XP level 2. HP: 24/24 MP: 2/2
   423 | D:2      | Reached XP level 3. HP: 30/30 MP: 3/3
   712 | D:2      | rPois ring in northeast corner
  1080 | D:1      | D:2 uphatch viable for orbrun, perhaps.
  1602 | D:1      | Reached ** piety under Trog
  1727 | D:1      | Reached XP level 4. HP: 35/37 MP: 4/4
  2511 | D:3      | Reached skill level 3 in Armour
  3085 | D:4      | staff of death
  3152 | D:4      | Noticed Blork the orc
  3152 | D:4      | Noticed a scorpion
  3175 | D:4      | Killed Blork the orc
  3176 | D:4      | Reached XP level 5. HP: 20/43 MP: 2/5
  3187 | D:4      | Reached skill level 4 in Armour
  3187 | D:4      | Gained mutation: You regenerate a little health from kills.
                  | [demonic ancestry]
  3187 | D:4      | Reached XP level 6. HP: 20/49 MP: 3/6
  3395 | D:4      | Found a staircase to the Ecumenical Temple.
  3417 | D:4      | Temple entrance: 4 fountains
  3418 | Temple   | Entered the Ecumenical Temple
  3935 | D:5      | Entered Level 5 of the Dungeon
  3956 | D:5      | Noticed a water moccasin
  4007 | D:5      | Killed a water moccasin
  4019 | D:5      | Reached skill level 5 in Armour
  4220 | D:5      | Reached skill level 5 in Fighting
  4220 | D:5      | Gained mutation: You are partially covered in razor-sharp
                  | scales. (AC +1, Slay +1) [demonic ancestry]
  4220 | D:5      | Reached XP level 7. HP: 6/56 MP: 0/7
  4903 | D:5      | Found a hide-covered altar of Uskayaw.
  4958 | D:5      | Reached skill level 6 in Armour
  5029 | D:5      | Noticed Menkaure
  5052 | D:5      | Slain by Menkaure

Illustrated notes

#8# #.# ###.###
###.....### #.........# #
##.........###8##8 ##
#.8...............
..##..###.................
......8.......<@..........
....:.###................)
..... #.8...............
.... ##.........###8##8
... #.........# # ..
###.....### . ###.### #.#
#8#


Turn 34 on D:1: Starting vault: stone walls and blocked by statue paths ###
##### ..######## ##...## #.#......###.....## .....###.##.......#
..................# .......#.##.....@.# ..#......###.....## ..#..###.# ##...##
#.#..# #.# ##.## ..#... ..# #.# ##...##### #.# .. #.# ... ... Turn 712 on D:2:
rPois ring in northeast corner ##########.# #....@..b..# #..J.........#
.............g. ....g.######... ...... .. .. ...... . . ..... .#### ###.. ...
Turn 1080 on D:1: D:2 uphatch viable for orbrun, perhaps. #. #.. # #..### ..
#..... ... #....! .... #.....# ..... . .......####.(.... .. #..@.)....... ...
#..:.#..>.... .... ## ###..##...##. #...#.####....!..# #.................#
.#)#<...)......## #.......#.... ......o...###.... .....#.#....# #.. Turn 3085 on
D:4: staff of death . . ........# #.... ...##..#.....# #.#..
..#...##.....####.### ....[. .....##...### #...# #....##.##... #.⌠.#
#...##...#..# ####...###...#.......# ##............##......#
#..⌠..@..⌠.........#### #...........##...### #####...######.### #.⌠.# ### #...#
##### Turn 3417 on D:4: Temple entrance: 4 fountains

Levels and vault maps discovered:
D:1:      psy_arrival_heroes, layout_basic
D:2:      layout_loops_corners
D:3:      layout_basic
D:4:      layout_cave_pools, minmay_temple_entry_junction, uniq_blork_the_orc
D:5:      layout_basic, lemuel_doored_altar, eat_drink_and_be_merry_uskayaw,
          uniq_menkaure
Temple:   nicolae_temple_bog_church

Skill      XL: |  1  2  3  4  5  6  7 |
---------------+----------------------+-----
Armour         | 2 3 4 5 6 |  6.2
Dodging        | 2 3 |  3.6
Fighting       | 4 5 |  5.4
Unarmed Combat | |  2.6

Action                     |  1- 3 |  4- 6 |  7- 9 || total
---------------------------+-------+-------+-------++-------
  Melee: Unarmed           |   138 |   238 |    51 ||   427
         Tailslap          |    12 |    25 |    13 ||    50
         Punch             |       |     5 |     2 ||     7
 Invoke: Berserk           |     2 |     5 |     2 ||     9
         Trog's Hand       |       |     2 |     1 ||     3
    Use: Potion            |     1 |     1 |       ||     2
         Scroll            |       |       |    10 ||    10
 Armour: Ring mail         |    17 |       |       ||    17
         Animal skin       |     1 |       |       ||     1
         Chain mail        |    52 |    66 |       ||   118
         Plate armour      |       |    60 |    39 ||    99
  Dodge: Dodged            |    71 |    82 |    19 ||   172
